General information
- name: BNet
- type: Ladder 1vs1/FFA
- host: Battle.net
- saver: Just2fly
map: GnollWood
- players: 2
- length: 24:37
- speed: Fast
- version: 1.26 W3XP
- replay type: Public
» download(67 KB)
Players
team 1 (loser)
fiz1981 (
blue | 33 APM | 817 actions | 24:35)
4 Dreadlord
2 Sleep
2 Vampiric Aura
1 Crypt Lord
1 Impale
» actions
| Basic commands | 18 | |
| Build / train | 46 | |
| Enter build submenu | 20 | |
| Enter hero's abilities submenu | 5 | |
| Give item / drop item | 6 | |
| Right click | 347 | |
| Select / deselect | 295 | |
| Use ability | 80 | |
817 total
» units
| Acolyte | 19 | |
| Ghoul | 7 | |
| Crypt Fiend | 2 | |
28 total
» upgrades
| Cannibalize | 1 | |
| Unholy Strength | 2 | |
| Backpack | 1 | |
| Unholy Armor | 1 | |
| Creature Attack | 1 | |
6 total
» buildings
| Crypt | 2 | |
| Altar of Darkness | 1 | |
| Ziggurat | 10 | |
| Graveyard | 1 | |
| Tomb of Relics | 1 | |
| Nerubian Tower | 1 | |
| Spirit Tower | 1 | |
| Halls of the Dead | 1 | |
| Necropolis | 1 | |
19 total
» build order
00:14 Crypt
00:27 Altar of Darkness
00:35 Ziggurat
01:02 Crypt
01:46 Ziggurat
02:36 Graveyard
04:12 Ziggurat
04:21 Tomb of Relics
04:25 Ziggurat
06:09 Nerubian Tower
07:31 Spirit Tower
08:50 Halls of the Dead
08:54 Ziggurat
08:59 Ziggurat
09:04 Necropolis
09:09 Ziggurat
13:25 Ziggurat
14:49 Ziggurat
14:51 Ziggurat
» items
| Rod of Necromancy | 1 | |
| Sacrificial Skull | 1 | |
2 total
team 2 (winner)
Just2fly (
teal | 68 APM | 1682 actions | 24:37)
6 Blood Mage
3 Flame Strike
2 Siphon Mana
1 Summon Phoenix
» actions
| Assign group hotkey | 82 | |
| Basic commands | 14 | |
| Build / train | 87 | |
| Enter build submenu | 49 | |
| Enter hero's abilities submenu | 6 | |
| Give item / drop item | 4 | |
| Remove unit from queue | 2 | |
| Right click | 718 | |
| Select / deselect | 385 | |
| Select group hotkey | 207 | |
| Use ability | 128 | |
1682 total
» units
| Peasant | 14 | |
| Footman | 5 | |
| Dragonhawk Rider | 2 | |
| Sorceress | 1 | |
| Gryphon Rider | 2 | |
24 total
» upgrades
| Masonry | 3 | |
| Lumber Harvesting | 2 | |
| Sorceress Training | 1 | |
| Magic Sentry | 1 | |
| Cloud | 1 | |
| Storm Hammers | 1 | |
| Swords | 2 | |
| Armor | 1 | |
12 total
» buildings
| Altar of Kings | 1 | |
| Barracks | 1 | |
| Farm | 9 | |
| Lumber Mill | 4 | |
| Arcane Vault | 1 | |
| Keep | 1 | |
| Scout Tower | 29 | |
| Guard Tower | 7 | |
| Town Hall | 2 | |
| Arcane Tower | 2 | |
| Gryphon Aviary | 3 | |
| Arcane Sanctum | 1 | |
| Castle | 1 | |
| Blacksmith | 1 | |
63 total
» build order
00:21 Altar of Kings
00:36 Barracks
00:51 Farm
01:04 Farm
01:28 Farm
02:10 Lumber Mill
02:22 Lumber Mill
02:38 Farm
02:45 Arcane Vault
03:52 Keep
04:01 Scout Tower
04:02 Scout Tower
04:03 Scout Tower
04:05 Scout Tower
05:02 Guard Tower
06:50 Guard Tower
07:30 Scout Tower
07:30 Scout Tower
07:35 Town Hall
07:39 Scout Tower
07:39 Scout Tower
07:40 Scout Tower
07:41 Scout Tower
07:41 Scout Tower
08:11 Arcane Tower
08:12 Guard Tower
08:18 Guard Tower
08:32 Scout Tower
08:34 Scout Tower
08:37 Scout Tower
08:40 Scout Tower
09:21 Gryphon Aviary
09:21 Gryphon Aviary
09:49 Arcane Sanctum
10:13 Guard Tower
11:05 Castle
11:32 Guard Tower
12:17 Lumber Mill
12:52 Lumber Mill
13:07 Gryphon Aviary
14:36 Farm
14:37 Farm
14:37 Farm
14:39 Farm
14:40 Farm
14:52 Scout Tower
14:54 Scout Tower
16:06 Arcane Tower
17:37 Blacksmith
19:39 Scout Tower
19:40 Scout Tower
19:40 Scout Tower
19:41 Scout Tower
19:42 Scout Tower
19:42 Scout Tower
19:42 Scout Tower
19:43 Scout Tower
19:46 Scout Tower
19:47 Scout Tower
20:34 Guard Tower
20:39 Town Hall
» items
| Scroll of Regeneration | 6 | |
| Potion of Healing | 8 | |
| Lesser Clarity Potion | 3 | |
| Potion of Mana | 4 | |
| Potion of Invisibility | 5 | |
| Boots of Speed | 1 | |
| Staff of Teleportation | 1 | |
| Potion of Lesser Invulnerability | 1 | |
| Scroll of Town Portal | 2 | |
31 total
Chat log
(10:29 / All) Just2fly: gold plz
(10:35 / All) Just2fly: Some to give gold plz?
(19:07 / All) Just2fly: why are you still here bro?
(19:15 / All) Just2fly: you got assraped
(19:16 / All) Just2fly: embarassed
(19:56 / All) fiz1981: you cuudda fuck me
(20:06 / All) fiz1981: y u run?
(20:16 / All) Just2fly: I have complete control
(20:51 / All) Just2fly: how you have 2500 solo games?
(21:02 / All) Just2fly: guess how many solo games I've played total?
(21:11 / All) Just2fly: probably less than 100
(21:14 / All) Just2fly: you should be ashamed
(21:22 / All) Just2fly: I haven't played a solo game in like 2 years
(21:28 / All) Just2fly: if not longer
(21:31 / All) fiz1981: k
(21:52 / All) fiz1981: is not just 1 person does play on this account
(22:00 / All) Just2fly: lol
(23:30 / All) Just2fly: did you have fun